 Dungeon Crawl Stone Soup version 0.27-a0-448-gace5c5693b (webtiles) character file.

Game seed: 17878718532924056591

21 touches the Ruffian (level 2, 0/29 HPs)
             Began as a Troll Berserker on Feb 27, 2021.
             Was a Follower of Trog.
             Killed from afar by a white imp (4 damage)
             ... with a puff of frost
             ... on level 2 of the Dungeon.
             The game lasted 00:11:20 (921 turns).

touches the Ruffian (Troll Berserker)                Turns: 921, Time: 00:11:21

Health: 0/29       AC:  4    Str: 24    XL:     2   Next: 65%
Magic:  1/1        EV: 10    Int:  3    God:    Trog [*.....]
Gold:   111        SH:  0    Dex:  9    Spells: 1/1 levels left

rFire    . . .     SeeInvis .     - Unarmed
rCold    . . .     Faith    .   (no shield)
rNeg     . . .     Spirit   .   a - +0 animal skin
rPois    .         Reflect  .   (helmet restricted)
rElec    .         Harm     .   (no cloak)
rCorr    .         Rampage  .   (gloves unavailable)
Will     .....                  (boots unavailable)
Stlth    +.........             (no amulet)
HPRegen  1.09/turn              (no ring)
MPRegen  0.07/turn              (no ring)

@: no status effects
A: large, unfitting armour, claws 3, regeneration 1, shaggy fur 1, tough skin 1
a: Renounce Religion, Berserk


You were on level 2 of the Dungeon.
You worshipped Trog.
Trog was aware of your devotion.
You visited 1 branch of the dungeon, and saw 2 of its levels.

You collected 111 gold pieces.

Inventory:

Hand Weapons
 e - a +0 mace
 g - a +0 spear
 h - a +0 whip
 i - a +0 club
Armour
 a - a +0 animal skin (worn)
 d - a +1 scale mail of fire resistance
 k - a +0 leather armour
 m - a +0 ring mail
 n - a +0 chain mail
 q - a +0 leather armour
 r - a +0 leather armour
Scrolls
 c - a scroll of teleportation {unknown}
 f - 5 scrolls of amnesia {unknown}
 l - a scroll of fog {unknown}
 o - 2 scrolls of immolation {unknown}
Potions
 b - a potion of degeneration {unknown}
 j - a potion of attraction {unknown}
 p - a potion of ambrosia {unknown}


   Skills:
 + Level 2.6 Fighting
 + Level 2.7 Dodging
 + Level 3.4 Unarmed Combat


You had one spell level left.
You didn't know any spells.
Your spell library was empty.

Dungeon Overview and Level Annotations

Branches:
Dungeon (2/15)

Altars:


Innate Abilities, Weirdness & Mutations

You are too large for most types of armour.
You have claws for hands.
Your natural rate of healing is unusually fast.
You are covered in fur. (AC +1)
You have tough skin. (AC +1)


Message History

Found an escape hatch in the floor.
Found a scroll labelled XIPPAFANENOA.
You now have 111 gold pieces (gained 6).
You see here 14 poisoned darts.
You see here a +0 leather armour.
r - a +0 leather armour This armour is too small for you!
A white imp comes into view.
The white imp shouts!
The white imp gestures at you. The puff of frost hits you!
You see here a scroll labelled XIPPAFANENOA.
You scratch the white imp but do no damage.
The white imp gestures at you. The puff of frost hits you.
You barely miss the white imp. The white imp gestures at you.
The puff of frost hits you.
You scratch the white imp.
The white imp is heavily wounded.
The white imp hits you but does no damage.
You closely miss the white imp.
The white imp is heavily wounded.
The white imp hits you. The white imp freezes you.
You scratch the white imp.
The white imp is severely wounded.
The white imp hits you. The white imp freezes you.
You barely miss the white imp.
The white imp is severely wounded.
The white imp gestures at you. The puff of frost hits you!
* * * LOW HITPOINT WARNING * * *
You scratch the white imp.
The white imp is almost dead.
The white imp gestures at you. The puff of frost hits you.
* * * LOW HITPOINT WARNING * * *
The white imp gestures at you. The puff of frost hits you.
You die...

....<.# ###....# ......#
#....# ......# #....#
...#### #....# ...#
#....# ...# ######....#
...####.........#
................#########
................@?5......
.............############
.######....(.# .#
#......# ## #>.....#
########


You could see a white imp.

Vanquished Creatures
  An ooze (D:1)
  A dart slug (D:1)
  A giant cockroach (D:1)
  A goblin (D:1)
  2 hobgoblins (D:1)
  3 kobolds
  A frilled lizard (D:1)
  6 rats (D:1)
16 creatures vanquished.

Notes
Turn   | Place    | Note
-------+----------+-------------------------------------------
     0 | D:1      | touches the Troll Berserker began the quest for the Orb.
     0 | D:1      | Reached XP level 1. HP: 22/22 MP: 0/0
     0 | D:1      | Noticed a green draconian
     0 | D:1      | Noticed a large abomination
    15 | D:1      | Noticed an iron dragon
    18 | D:1      | Noticed a shadow dragon
    21 | D:1      | Noticed a red draconian
    22 | D:1      | Noticed an orb of fire
    24 | D:1      | Noticed a large abomination
    25 | D:1      | Noticed a tentacled monstrosity
    37 | D:1      | Noticed a large abomination
    37 | D:1      | Noticed a golden dragon
    38 | D:1      | Noticed a large abomination
    40 | D:1      | Noticed an orb of fire
    40 | D:1      | Noticed a red draconian
    42 | D:1      | Noticed an iron dragon
    44 | D:1      | Noticed an iron dragon
    44 | D:1      | Noticed a large abomination
   242 | D:1      | Reached XP level 2. HP: 29/29 MP: 1/1
   921 | D:2      | Killed from afar by a white imp

Illustrated notes

Levels and vault maps discovered:
D:1:      shiori_arrival_whats_in_store_for_you, layout_loops_corners,
          minmay_misc_feat_four_crosses
D:2:      layout_basic, chequers_temple_overflow_statue_of_worship,
          chequers_ecumenical_altar_grove

Action                   || total
-------------------------++-------
Melee: Unarmed           ||    45
Armor: Animal skin       ||     7
Dodge: Dodged            ||    18

Table legend: (Time is in decaauts)
 A = Elapsed time spent in this place.
 B = Non-inter-level travel time spent in this place.
 C = Inter-level travel time spent in this place.
 D = Time resting spent in this place.
 E = Time spent auto-exploring this place.
 F = Levels seen in this place.
 G = Mean time per level.
                   A        B        C        D        E       F      G
               +--------+--------+--------+--------+--------+-----+--------+
         Total |    917 |    917 |      0 |      0 |      8 |   2 |  458.5 |
       Dungeon |    917 |    917 |      0 |      0 |      8 |   2 |  458.5 |
               +--------+--------+--------+--------+--------+-----+--------+

Top non-repeatable levels by time:
     D:1: 768 daAuts
     D:2: 149 daAuts
